 Dungeon Crawl Stone Soup version 0.17-a0-1714-g35622ae (webtiles) character file.

292329 kroki the Acrobat (level 21, -14/241 HPs)
             Began as an Ogre Berserker on Aug 23, 2015.
             Was a High Priest of Trog.
             Killed from afar by an ancient champion (18 damage)
             ... with an exploding inner flame
             ... hexed by the player character
             ... on level 3 of the Vaults.
             The game lasted 01:43:55 (48605 turns).

kroki the Acrobat (Ogre Berserker)                 Turns: 48605, Time: 01:43:55

Health: -14/241    AC: 13    Str: 28    XL:     21   Next: 18%
Magic:  8/8        EV: 24    Int:  6    God:    Trog [*****.]
Gold:   1544       SH:  0    Dex: 16    Spells: 0 memorised, 20 levels left

rFire  + . .     SeeInvis .     j - +12 giant club (antimagic) {god gift}
rCold  + . .     Clarity  .     L - +0 mottled dragon armour
rNeg   . . .     SustAt   .     (no shield)
rPois  +         Gourm    .     p - +2 hat
rElec  +         Spirit   .     w - +2 cloak
rCorr  +         Warding  .     (gloves unavailable)
rMut   .         Stasis   .     (boots unavailable)
MR     +++++                    W - amulet of regeneration
Stlth  +.........               D - +4 ring of slaying
                                v - ring of protection from magic

@: about to teleport, resistant, regenerating, almost entirely resistant to
hostile enchantments, very unstealthy
A: unfitting armour, horns 1, low mp 1, spit poison 1, tough skin 1, evolution
1, subdued magic 1
a: Spit Poison, Burn Spellbooks, Berserk, Trog's Hand, Brothers in Arms,
Renounce Religion
}: 1/15 runes: barnacled


You were on level 3 of the Vaults.
You worshipped Trog.
Trog was extremely pleased with you.
You were not hungry.

You visited 7 branches of the dungeon, and saw 40 of its levels.
You also visited: Ossuary.

You collected 5708 gold pieces.
You spent 4164 gold pieces at shops.

Inventory:

Hand weapons
 e - the +9 giant spiked club of Dishonour {god gift, crush, *Corrode rN+ Str+4, !a}
   (Trog gifted it to you on level 2 of the Vaults)

   It inflicts extra damage upon your enemies.
   It affects your strength (+4).
   It protects you from negative energy.
   It may corrode your equipment when you take damage.
 i - the +6 giant club of the Lair of Beasts {god gift, holy, +Blink Int+3 Dex+2}
   (Trog gifted it to you on level 7 of the Lair of Beasts)

   It has been blessed by the Shining One to cause great damage to the undead
   and demons.
   It affects your intelligence (+3).
   It affects your dexterity (+2).
   It lets you blink.
 j - a +12 antimagic giant club (weapon) {god gift}
   (Trog gifted it to you on level 3 of the Elven Halls)
Armour
 f - a +0 cloak of invisibility
   (You acquired it on level 3 of the Vaults)
 p - a +2 hat (worn)
   (You found it on level 4 of the Dungeon)
 s - the +0 troll leather armour of Avularod {Regen+ Str+4 Int+3, !a}
   (You took it off a merfolk on level 4 of the Shoals)

   It affects your strength (+4).
   It affects your intelligence (+3).
   It increases your rate of regeneration.
 w - a +2 cloak (worn)
   (You bought it in a shop on level 4 of the Orcish Mines)
 L - a +0 mottled dragon armour (worn)
   (You found it on level 1 of the Vaults)
Jewellery
 n - an uncursed ring of poison resistance
   (You found it on level 3 of the Dungeon)
 q - the ring "Tuizxa Helle" {+Inv rC+}
   (You found it on level 15 of the Dungeon)

   [ring of protection from cold]

   It protects you from cold.
   It lets you turn invisible.
 r - an uncursed ring of protection from fire
   (You found it on level 2 of the Spider Nest)
 v - a ring of protection from magic (left hand)
   (You bought it in a shop on level 6 of the Dungeon)
 D - a +4 ring of slaying (right hand)
   (You bought it in a shop on level 6 of the Dungeon)
 G - an uncursed amulet of resist mutation
   (You found it on level 12 of the Dungeon)
 S - an uncursed amulet of resist corrosion
   (You found it on level 2 of the Vaults)
 W - an amulet of regeneration (around neck)
   (You found it on level 4 of the Lair of Beasts)
Magical devices
 a - a wand of digging (15)
   (You found it on level 3 of the Elven Halls)
 k - a wand of teleportation (3)
   (You found it on level 4 of the Lair of Beasts)
 l - a wand of disintegration (8)
   (You found it on level 13 of the Dungeon)
 m - a wand of heal wounds (0)
   (You found it on level 1 of the Vaults)
 K - a wand of digging (3)
   (You found it on level 9 of the Dungeon)
 Z - a wand of teleportation (3)
   (You found it on level 5 of the Lair of Beasts)
Scrolls
 g - 10 scrolls of teleportation
 t - a scroll of summoning
 u - 4 scrolls of fog
 x - 4 scrolls of immolation
 y - 3 scrolls of identify
 E - 2 scrolls of enchant armour
 H - 2 scrolls of silence
 M - 6 scrolls of enchant weapon
 N - 2 scrolls of recharging
 O - 8 scrolls of magic mapping
 R - 12 scrolls of remove curse
Potions
 d - 14 potions of agility
 h - 14 potions of curing
 o - a potion of cure mutation
 z - 2 potions of resistance
 A - 5 potions of might
 B - 3 potions of haste
 V - 4 potions of heal wounds
Miscellaneous
 b - a stone of tremors
   (You found it on level 1 of the Spider Nest)
 C - a sack of spiders {used: 1}
   (You found it on level 4 of the Shoals)
 I - a phial of floods
   (You bought it in a shop on level 3 of the Elven Halls)
 J - a sack of spiders
   (You bought it in a shop on level 3 of the Elven Halls)
 P - an ornate deck of wonders
   (You found it on level 3 of the Elven Halls)
 Q - a plain deck of defence {drawn: 2}
   (You found it on level 1 of the Lair of Beasts)
 T - a fan of gales
   (You found it on level 8 of the Lair of Beasts)
 X - a lamp of fire
   (You found it on level 4 of the Lair of Beasts)
Comestibles
 c - 21 bread rations
 U - 3 meat rations
 Y - 6 fruits


   Skills:
 - Level 21.1 Fighting
 - Level 20.1 Maces & Flails
 - Level 5.0 Armour
 + Level 21.6 Dodging
 - Level 9.4 Evocations


You had 20 spell levels left.
You didn't know any spells.

Dungeon Overview and Level Annotations

Branches:
Dungeon (15/15)            Temple (0/1) D:4            Lair (8/8) D:9
 Shoals (4/4) Lair:6       Spider (3/4) Lair:6        Slime (0/6) Lair:7
    Orc (4/4) D:9             Elf (3/3) Orc:4        Vaults (3/5) D:14
 Depths (0/5) D:15
  Crypt: Vaults:2-3

Altars:
Dithmenos
Elyvilon
Fedhas
Makhleb
Qazlal
Sif Muna
Trog
Vehumet
Xom
Jiyva
Lugonu

Shops:
D:6 [=   D:13 ?   D:14 (*   Orc:4 [}!}   Elf:3 }   Vaults:3 !

Annotations:
Elf:2 4 runed doors


Innate Abilities, Weirdness & Mutations

You are too large for most types of armour.
You have tough skin (AC +1).
You have a pair of small horns on your head.
Your magical capacity is low (-10% MP).
You can spit weak poison.
You evolve.
Your spells are a little easier to cast, but a little less powerful.


Message History

The ancient champion seems to grow stronger.
The ancient champion is engulfed in roaring flames.
The ancient champion gestures wildly while chanting.
The ancient champion seems to speed up.
The ironheart preserver hits you but does no damage.
The kobold demonologist looks braver for a moment.
The deep troll is engulfed in roaring flames.
The deep troll completely misses you. The deep troll barely misses you.
The deep troll closely misses you.
Evoke which item? (* to show all) (? for menu, Esc to quit)
Zapping:
m - a wand of heal wounds {zapped: 2} (will waste charges)
Press: ? - help, Shift-Dir - straight line, f - you You feel much better.
Evoking this partially-identified wand wasted a few charges.
You are engulfed in roaring flames.
You resist.
The ancient champion hits you with a great mace!!
* * * LOW HITPOINT WARNING * * *
The ogre closely misses you.
The freezing wraith hits you but does no damage.
The freezing wraith misses you.
The deep elf demonologist points at you and mumbles some strange words.
You resist with almost no effort.
The giant orange brain pulsates.
Something tries to feed on your intellect!
The ironheart preserver closely misses you.
The green death is engulfed in roaring flames.
The deep troll is engulfed in roaring flames.
The deep troll explodes!
The fiery explosion engulfs the green death.
The green death is heavily wounded.
The fiery explosion engulfs you! You resist.
* * * LOW HITPOINT WARNING * * *
The fiery explosion engulfs the ancient champion.
The ancient champion explodes!
The fiery explosion engulfs the ironbrand convoker.
The ironbrand convoker is heavily wounded.
The fiery explosion engulfs the freezing wraith.
The freezing wraith is burned terribly!
The freezing wraith explodes!
The fiery explosion engulfs the ironbrand convoker.
The ironbrand convoker is heavily wounded.
The fiery explosion engulfs you! You resist.
* * * LOW HITPOINT WARNING * * *
The fiery explosion engulfs the deep elf demonologist.
The deep elf demonologist is heavily wounded.
The fiery explosion engulfs the ogre.
The ogre explodes!
The fiery explosion engulfs the ironheart preserver.
The ironheart preserver is severely wounded.
The fiery explosion engulfs you! You resist.
* * * LOW HITPOINT WARNING * * *
Trog accepts your kill.
The fiery explosion engulfs the ironheart preserver.
The ironheart preserver explodes!
The fiery explosion engulfs you! You resist.
* * * LOW HITPOINT WARNING * * *
Trog accepts your kill.
Trog appreciates your killing of a magic user.
The fiery explosion engulfs the deep elf demonologist.
The deep elf demonologist is almost dead.
The fiery explosion engulfs the green death.
The green death is almost dead.
The fiery explosion engulfs you! You resist.
You die...

###### #.... #.K. #p3# ####
#####e{p #..####..1#p2###
#<.'..+..Gpe000#
#..#..##'##0@###
##'####..##00+ #..#.#..##00#
#..#'##'##... ##'##..#..#....
#...'..'.>###### #...####..#
.....
########'###############.....
#........#........#.....


You could see a Brimstone Fiend, a green death, a giant orange brain, a deep elf
demonologist (inner flame), 4 ironbrand convokers, a kobold demonologist, a
chaos spawn and a deep elf fighter (inner flame).

Vanquished Creatures
  2 deep elf master archers (Elf:3)
  2 deep elf blademasters (Elf:3)
  Ilsuiw (Shoals:4)
  5 deep elf sorcerers
  A fire giant (Vaults:3)
  3 vault wardens (Vaults:1)
  An emperor scorpion (Spider:1)
  An orc warlord (Orc:4)
  A war gargoyle (Vaults:1)
  3 ironheart preservers
  5 stone giants
  7 deep elf annihilators (Elf:3)
  A salamander stormcaller (D:14)
  10 deep elf demonologists
  3 merfolk javelineers
  11 vault guards
  9 deep elf death magi
  The ghost of karlkraus the Blocker, a powerful HOFi of Beogh (D:13)
  4 yaktaur captains
  2 great orbs of eyes (Vaults:2)
  8 merfolk impalers (Shoals:4)
  A fire dragon (Lair:8)
  5 deep elf high priests
  5 centaur warriors
  An entropy weaver (Spider:1)
  An ice dragon (Vaults:2)
  4 merfolk avatars
  3 alligator snapping turtles
  16 hydras
  4 merfolk aquamancers
  4 dancing weapons (Elf:2)
  A rakshasa (Vaults:2)
  2 tengu warriors
  The ghost of Alipheese the Cleaver, an experienced NaFi of Cheibriados (D:8)
  A satyr (Shoals:4)
  6 ogre magi
  12 death yaks
  Urug (D:10)
  4 orc high priests (Orc:4)
  A fire crab (shapeshifter) (D:14)
  14 deep elf knights
  3 giant orange brains
  The ghost of kae the Carver, an experienced MiFi (D:6)
  10 sea snakes
  A flayed ghost (Vaults:2)
  4 skeletal warriors (D:14)
  A harpy (shapeshifter) (Vaults:1)
  2 deep elf summoners
  5 unseen horrors
  5 hill giants
  A phantasmal warrior (Vaults:1)
  10 ironbrand convokers
  2 necromancers
  2 lindwurms (Lair:8)
  19 harpies
  A tengu zombie (Vaults:3)
  A faun (Shoals:2)
  A salamander (shapeshifter) (Vaults:1)
  2 hornets
  5 orc sorcerers
  8 deep elf conjurers
  A hornet (shapeshifter) (Vaults:2)
  11 manticores
  13 griffons
  6 oklob plants
  3 orb spiders
  7 black mambas
  17 wolf spiders
  3 wizards
  2 orc knights (Vaults:2)
  A salamander (D:11)
  11 water nymphs
  5 cyclopes
  31 ugly things
  10 elephants
  A moth of wrath (Spider:2)
  9 sirens
  An octopode (Spider:1)
  A stone giant skeleton (Vaults:3)
  3 vault sentinels
  2 gargoyles
  6 torpor snails (Lair:8)
  18 spiny frogs
  5 demonic crawlers
  7 yaktaurs
  A yaktaur zombie (Vaults:3)
  2 human zombies (Vaults:3)
  The ghost of Borgoz the Skirmisher, an experienced GrFi (D:5)
  An efreet (D:13)
  2 fire drakes
  2 kobold demonologists
  8 komodo dragons
  8 deep elf priests
  20 jumping spiders
  A komodo dragon (shapeshifter) (D:14)
  2 queen bees
  5 trolls
  2 freezing wraiths
  10 two-headed ogres
  2 wind drakes
  34 merfolk
  A jumping spider (shapeshifter) (D:14)
  A polar bear (shapeshifter) (Vaults:2)
  14 slime creatures
  2 giant leeches (Lair:8)
  3 boulder beetles
  A stone giant simulacrum (Vaults:1)
  13 blink frogs
  2 spriggans (shapeshifter)
  10 tarantellas
  2 shadows
  15 redbacks
  A spriggan (Spider:1)
  7 trapdoor spiders
  A fire bat (D:8)
  A hog (D:11)
  6 snapping turtles
  5 wyverns
  46 yaks
  28 deep elf fighters
  13 water elementals
  2 wraiths (D:13)
  6 basilisks
  24 deep elf magi
  A steam dragon (D:9)
  Grum (D:10)
  A soldier ant (D:14)
  4 wargs
  12 hippogriffs
  4 mottled dragons
  3 hungry ghosts
  12 vampire mosquitoes
  2 humans
  Menkaure (D:4)
  19 water moccasins
  15 porcupines
  26 wolves
  4 sky beasts
  Duvessa (D:4)
  26 orc warriors
  An ice beast (shapeshifter) (D:14)
  2 eyes of draining
  3 phantoms
  3 black bears
  9 spiders
  A boggart (Elf:2)
  5 wasps
  37 ogres
  4 ice beasts
  18 centaurs
  2 necrophages (D:11)
  13 crocodiles
  4 big kobolds
  18 giant frogs
  3 brain worms (Lair:8)
  A gnoll sergeant (D:8)
  A wyvern zombie (D:8)
  A scorpion (D:9)
  16 wights
  Dowan (D:4)
  A wyvern skeleton (D:13)
  The ghost of 4thArraOfDagon the Chopper, a weakling HOCK of Xom (D:4)
  36 killer bees
  A wasp zombie (D:5)
  11 crimson imps
  2 centaur zombies
  5 giant frog zombies
  44 orc priests
  4 hounds
  9 jellies
  34 orc wizards
  10 iguanas
  6 centaur skeletons
  2 giant frog skeletons
  4 wolf simulacra (Lair:3)
  2 yak simulacra (Lair:3)
  3 polar bear simulacra (Lair:3)
  6 worker ants
  23 sheep
  2 big kobold zombies (Ossuary)
  2 hound skeletons
  4 mummies (Ossuary)
  5 hound zombies
  4 worker ant zombies
  17 gnolls
  99 river rats
  15 adders
  4 shadow imps
  5 oozes
  An adder skeleton (D:4)
  21 worms
  160 orcs
  5 giant cockroaches
  A gnoll zombie (Ossuary)
  8 hobgoblins
  25 kobolds
  A ball python (D:1)
  12 bats
  7 giant geckos
  5 giant newts
  13 goblins
  A goblin zombie (Ossuary)
  2 hobgoblin zombies (Ossuary)
  8 jackals
  A jackal skeleton (D:4)
  3 jackal zombies (Ossuary)
  A kobold zombie (Ossuary)
  An orc zombie (Ossuary)
  3 quokkas
  9 rats
  2 river rat simulacra (Lair:3)
  A bush (Lair:8)
  3 fungi
  5 plants
1666 creatures vanquished.

Vanquished Creatures (collateral kills)
  A merfolk avatar (Shoals:4)
  An alligator snapping turtle (Shoals:4)
  An orc knight (Vaults:1)
  2 harpies (Shoals:4)
  3 merfolk (Shoals:4)
  2 snapping turtles (Shoals:4)
  A redback (Spider:1)
  2 water elementals (Shoals:4)
  A tarantella (Spider:1)
  A yak (Lair:3)
  A water moccasin (Lair:3)
  2 orc warriors (Orc:4)
  2 spiders (Spider:1)
  An ogre (Vaults:1)
  3 orcs (Orc:4)
24 creatures vanquished.

Vanquished Creatures (others)
  A merfolk aquamancer (Shoals:4)
  An unseen horror (D:10)
  A merfolk (Shoals:4)
  An orc (Elf:1)
  A kobold (D:11)
  A quokka (D:11)
  56 fungi
  49 plants
  9 toadstools (Lair:3)
120 creatures vanquished.

Grand Total: 1810 creatures vanquished

Notes
Turn   | Place    | Note
--------------------------------------------------------------
     0 | D:1      | kroki the Ogre Berserker began the quest for the Orb.
     0 | D:1      | Reached XP level 1. HP: 24/24 MP: 1/1
   154 | D:1      | Reached XP level 2. HP: 13/32 MP: 2/2
   464 | D:1      | Reached skill level 5 in Maces & Flails
   572 | D:1      | Acquired Trog's second power
   596 | D:1      | Reached XP level 3. HP: 27/39 MP: 3/3
  1437 | D:2      | Reached XP level 4. HP: 40/49 MP: 4/4
  1802 | D:2      | Reached skill level 5 in Fighting
  2118 | D:3      | Reached skill level 6 in Maces & Flails
  2124 | D:3      | Reached XP level 5. HP: 57/57 MP: 5/5
  2949 | D:4      | Noticed an ogre
  2950 | D:4      | Noticed 4thArraOfDagon's ghost (weakling HOCK)
  3025 | D:4      | Reached skill level 6 in Fighting
  3081 | D:4      | Found a viscous altar of Jiyva.
  3091 | D:4      | Acquired Trog's third power
  3091 | D:4      | Reached XP level 6. HP: 62/68 MP: 6/6
  3092 | D:4      | Reached skill level 7 in Maces & Flails
  3211 | D:4      | Noticed Duvessa
  3212 | D:4      | Noticed Dowan
  3269 | D:4      | Killed 4thArraOfDagon's ghost
  3331 | D:4      | Killed an ogre
  3331 | D:4      | Reached skill level 7 in Fighting
  3384 | D:4      | Found a burning altar of Makhleb.
  3384 | D:4      | Found a radiant altar of Vehumet.
  3402 | D:4      | Reached skill level 8 in Maces & Flails
  3402 | D:4      | Reached XP level 7. HP: 74/78 MP: 7/7
  3713 | D:4      | Killed Dowan
  3719 | D:4      | Killed Duvessa
  3719 | D:4      | Reached skill level 9 in Maces & Flails
  3765 | D:4      | Noticed Menkaure
  3772 | D:4      | Killed Menkaure
  3916 | D:4      | Found a staircase to the Ecumenical Temple.
  4040 | D:5      | Entered Level 5 of the Dungeon
  4069 | D:5      | Reached skill level 10 in Maces & Flails
  4098 | D:5      | Noticed Borgoz's ghost (experienced GrFi)
  4119 | D:5      | Killed Borgoz's ghost
  4119 | D:5      | Reached skill level 11 in Maces & Flails
  4119 | D:5      | Reached XP level 8. HP: 87/87 MP: 8/8
  4606 | D:5      | Reached skill level 12 in Maces & Flails
  5182 | D:6      | Found Weibeluz's Antique Armour Emporium.
  5279 | D:6      | Found Larouhy's Magic Scroll Boutique.
  5288 | D:6      | Bought a scroll of identify for 28 gold pieces
  5288 | D:6      | Bought a scroll of immolation for 49 gold pieces
  5288 | D:6      | Bought a scroll of teleportation for 42 gold pieces
  5288 | D:6      | Bought a scroll of identify for 28 gold pieces
  5288 | D:6      | Bought a scroll of identify for 28 gold pieces
  5326 | D:6      | Found a sand-covered staircase.
  5350 | Ossuary  | Entered an ossuary
  5362 | Ossuary  | Reached skill level 13 in Maces & Flails
  5722 | Ossuary  | Reached XP level 9. HP: 67/93 MP: 9/9
  5917 | D:6      | Noticed kae's ghost (experienced MiFi)
  5935 | D:6      | Killed kae's ghost
  5935 | D:6      | Reached skill level 14 in Maces & Flails
  6057 | D:6      | Found Urunatul's Jewellery Shop.
  6444 | D:7      | Reached skill level 15 in Maces & Flails
  7224 | D:7      | Found a bloodstained altar of Trog.
  7285 | D:7      | Found a blossoming altar of Fedhas.
  7324 | D:7      | Reached skill level 16 in Maces & Flails
  7426 | D:7      | Found a shimmering altar of Xom.
  7681 | D:7      | Reached XP level 10. HP: 94/102 MP: 10/10
  8354 | D:8      | Noticed Alipheese's ghost (experienced NaFi)
  8370 | D:8      | Killed Alipheese's ghost
  8370 | D:8      | Reached skill level 17 in Maces & Flails
  8499 | D:8      | Found a shadowy altar of Dithmenos.
  9021 | D:9      | Reached skill level 3 in Dodging
  9166 | D:9      | Reached skill level 8 in Fighting
  9323 | D:9      | Reached skill level 18 in Maces & Flails
  9517 | D:9      | Reached skill level 4 in Dodging
  9581 | D:9      | Reached XP level 11. HP: 113/113 MP: 11/11
  9631 | D:9      | Reached skill level 9 in Fighting
  9834 | D:9      | Found a staircase to the Orcish Mines.
  9929 | D:9      | Found a staircase to the Lair.
 10182 | D:9      | Reached skill level 5 in Dodging
 10405 | D:9      | Paralysed by a gnoll for 6 turns
 10580 | D:9      | Found a shimmering altar of Xom.
 10658 | Lair:1   | Entered Level 1 of the Lair of Beasts
 10792 | Lair:1   | Reached skill level 10 in Fighting
 11361 | Lair:1   | Noticed a four-headed hydra
 11369 | Lair:1   | Killed a four-headed hydra
 11369 | Lair:1   | Reached skill level 6 in Dodging
 11881 | Lair:2   | Noticed an eight-headed hydra
 11995 | Lair:2   | Noticed a four-headed hydra
 12002 | Lair:2   | Killed a four-headed hydra
 12205 | Lair:2   | Reached skill level 11 in Fighting
 12528 | Lair:2   | Reached skill level 19 in Maces & Flails
 12528 | Lair:2   | Reached XP level 12. HP: 119/130 MP: 12/12
 12766 | Lair:2   | Reached skill level 7 in Dodging
 12985 | Lair:2   | Received a gift from Trog
 13207 | Lair:2   | Killed an eight-headed hydra
 13702 | Lair:3   | Reached skill level 12 in Fighting
 13942 | Lair:3   | Gained mutation: Your body sometimes deteriorates upon taking damage. [potion of mutation]
 13942 | Lair:3   | Gained mutation: You have a pair of small horns on your head. [potion of mutation]
 13942 | Lair:3   | Gained mutation: You can spit weak poison. [potion of mutation]
 13984 | Lair:3   | Got a translucent whip
 13986 | Lair:3   | Identified the +11 whip "Abionop" {slash, Str+3 SInv Stlth-} (You found it on level 3 of the Lair of Beasts)
 14205 | Lair:3   | Noticed an eight-headed hydra
 14216 | Lair:3   | Killed an eight-headed hydra
 14216 | Lair:3   | Reached skill level 8 in Dodging
 15259 | Lair:3   | Noticed a dire elephant
 15259 | Lair:3   | Noticed a catoblepas
 15696 | Lair:3   | Noticed a six-headed hydra
 15727 | Lair:3   | Killed a six-headed hydra
 16079 | Lair:3   | Received a gift from Trog
 16240 | Lair:4   | Reached skill level 13 in Fighting
 16240 | Lair:4   | Reached skill level 20 in Maces & Flails
 16240 | Lair:4   | Reached XP level 13. HP: 100/144 MP: 4/13
 16668 | Lair:4   | Reached skill level 9 in Dodging
 16675 | Lair:4   | Got a shimmering flail
 16676 | Lair:4   | Identified the +2 flail "With Two Names" {speed, +Inv MP+9 Str-5 SInv} (You found it on level 4 of the Lair of Beasts)
 17387 | Lair:4   | Reached skill level 1 in Evocations
 18049 | Lair:5   | Received a gift from Trog
 18114 | Lair:5   | Reached skill level 2 in Evocations
 18352 | Lair:5   | Reached skill level 14 in Fighting
 18994 | Lair:6   | Found a staircase to the Shoals.
 19000 | Lair:6   | Reached skill level 3 in Evocations
 19317 | Lair:6   | Received a gift from Trog
 19369 | Lair:6   | Found a hole to the Spider Nest.
 19620 | Lair:6   | Reached skill level 10 in Dodging
 19866 | Lair:6   | Reached skill level 4 in Evocations
 20307 | Lair:7   | Reached skill level 15 in Fighting
 20307 | Lair:7   | Reached XP level 14. HP: 61/159 MP: 5/17
 20473 | Lair:7   | Found a viscous altar of Jiyva.
 20481 | Lair:7   | Found a staircase to the Slime Pits.
 20686 | Lair:7   | Reached skill level 5 in Evocations
 21375 | Lair:7   | Received a gift from Trog
 21389 | Lair:7   | Got a crystal giant club {god gift}
 21390 | Lair:7   | Identified the +6 giant club of the Lair of Beasts {god gift, holy, +Blink Int+3 Dex+2} (Trog gifted it to you on level 7 of the Lair of Beasts)
 21500 | Lair:7   | Reached skill level 11 in Dodging
 21540 | Lair:7   | Got a slimy mace
 21778 | Lair:7   | Reached skill level 6 in Evocations
 21996 | Lair:8   | Entered Level 8 of the Lair of Beasts
 22058 | Lair:8   | Reached skill level 16 in Fighting
 22739 | Lair:8   | Found a runed door.
 22776 | Lair:8   | Received a gift from Trog
 23070 | Lair:8   | Gained mutation: You occasionally shout uncontrollably at your foes. [potion of mutation]
 23070 | Lair:8   | Gained mutation: Your magical capacity is low (-10% MP). [potion of mutation]
 23070 | Lair:8   | Gained mutation: Your spells are a little easier to cast, but a little less powerful. [potion of mutation]
 23071 | Lair:8   | Lost mutation: You occasionally shout uncontrollably at your foes. [potion of cure mutation]
 23071 | Lair:8   | Lost mutation: Your body sometimes deteriorates upon taking damage. [potion of cure mutation]
 23071 | Lair:8   | Lost mutation: You can spit weak poison. [potion of cure mutation]
 23072 | Lair:8   | Gained mutation: You can spit weak poison. [potion of beneficial mutation]
 23284 | Lair:8   | Reached skill level 7 in Evocations
 23302 | Lair:8   | Got a jewelled dagger
 23734 | Lair:8   | Reached XP level 15. HP: 171/171 MP: 18/18
 24026 | Orc:1    | Entered Level 1 of the Orcish Mines
 24085 | Orc:1    | You fall through a shaft!
 24274 | Orc:1    | Received a gift from Trog
 24657 | Orc:2    | You fall through a shaft for 2 floors!
 24657 | Orc:4    | Entered Level 4 of the Orcish Mines
 24763 | Orc:4    | Reached skill level 17 in Fighting
 24938 | Orc:4    | Reached skill level 12 in Dodging
 24973 | Orc:4    | Found Diamir's Gadget Shoppe.
 24973 | Orc:4    | Found Xupneoco's Antique Armour Shoppe.
 24977 | Orc:4    | Found Paol's Distillery.
 24984 | Orc:4    | Received a gift from Trog
 25149 | Orc:4    | Found Nyhir's Gadget Emporium.
 25172 | Orc:4    | Bought a potion of curing for 51 gold pieces
 25172 | Orc:4    | Bought a potion of resistance for 170 gold pieces
 25174 | Orc:4    | Bought a glowing cloak for 112 gold pieces
 26008 | Orc:3    | Received a gift from Trog
 26393 | Orc:4    | Found a staircase to the Elven Halls.
 26841 | D:10     | Entered Level 10 of the Dungeon
 26917 | D:6      | Bought a scroll of teleportation for 42 gold pieces
 26917 | D:6      | Bought a scroll of brand weapon for 280 gold pieces
 26936 | D:6      | Bought an uncursed ring of protection from magic for 350 gold pieces
 26936 | D:6      | Bought a +4 ring of slaying for 1092 gold pieces
 27126 | D:10     | Noticed Urug
 27134 | D:10     | Killed Urug
 27134 | D:10     | Reached skill level 8 in Evocations
 27197 | D:10     | Noticed Grum
 27207 | D:10     | Killed Grum
 28205 | D:11     | Found a white marble altar of Elyvilon.
 28258 | D:11     | Received a gift from Trog
 28961 | D:13     | Found a stormy altar of Qazlal.
 29309 | D:13     | Noticed karlkraus's ghost (powerful HOFi)
 29319 | D:13     | Killed karlkraus's ghost
 29948 | D:13     | Found Iskoonia's Magic Scroll Boutique.
 29951 | D:13     | Bought a scroll of identify for 32 gold pieces
 29951 | D:13     | Bought a scroll of magic mapping for 56 gold pieces
 29951 | D:13     | Bought a scroll of immolation for 56 gold pieces
 29951 | D:13     | Bought a scroll of teleportation for 48 gold pieces
 29951 | D:13     | Bought a scroll of immolation for 56 gold pieces
 29951 | D:13     | Bought a scroll of teleportation for 48 gold pieces
 29951 | D:13     | Bought a scroll of enchant armour for 120 gold pieces
 29951 | D:13     | Bought a scroll of immolation for 56 gold pieces
 30238 | D:14     | Reached skill level 18 in Fighting
 30252 | D:14     | Reached skill level 9 in Evocations
 30405 | D:14     | Found a gate to the Vaults.
 30415 | D:14     | Reached XP level 16. HP: 185/185 MP: 20/20
 30421 | D:14     | Reached skill level 13 in Dodging
 30731 | D:14     | Received a gift from Trog
 31254 | D:14     | Found a corrupted altar of Lugonu.
 31261 | D:14     | Found Nusoeq's Blasphemy Boutique.
 31280 | D:14     | Reached skill level 14 in Dodging
 31280 | D:14     | Reached XP level 17. HP: 196/196 MP: 21/21
 31347 | D:14     | Found Icityuph's Antique Weapon Shoppe.
 31634 | D:15     | Entered Level 15 of the Dungeon
 31752 | D:15     | Got a translucent glass ring
 31753 | D:15     | Identified the ring "Tuizxa Helle" {+Inv rC+} (You found it on level 15 of the Dungeon)
 31833 | D:15     | Found a deep blue altar of Sif Muna.
 31872 | D:15     | Reached skill level 19 in Fighting
 32503 | D:15     | Found a staircase to the Depths.
 32832 | Lair:3   | Noticed an eight-headed hydra
 32840 | Lair:3   | Killed an eight-headed hydra
 32954 | Spider:1 | Entered Level 1 of the Spider Nest
 33612 | Spider:1 | Received a gift from Trog
 33840 | Spider:1 | Reached skill level 15 in Dodging
 33869 | Spider:1 | Got a bloodstained hunting sling
 33881 | Spider:1 | Got an ichor-stained dire flail
 33882 | Spider:1 | Identified the +5 dire flail of Impatience {speed, MP+9 Dex+5} (You found it on level 1 of the Spider Nest)
 34012 | Spider:2 | Reached skill level 20 in Fighting
 34262 | Spider:2 | Reached XP level 18. HP: 166/210 MP: 22/22
 34397 | Spider:2 | Gained mutation: You evolve. [potion of beneficial mutation]
 34531 | Spider:2 | Got a twisted cloak
 34576 | Spider:2 | Identified the +0 cloak of Tuab {MR+} (You found it on level 2 of the Spider Nest)
 35594 | Shoals:1 | Entered Level 1 of the Shoals
 35600 | Shoals:1 | Received a gift from Trog
 36593 | Shoals:2 | Found a shadowy altar of Dithmenos.
 37255 | Shoals:2 | Reached skill level 21 in Fighting
 37785 | Shoals:3 | Reached skill level 16 in Dodging
 37815 | Shoals:3 | Reached skill level 1 in Armour
 38284 | Shoals:3 | Received a gift from Trog
 38284 | Shoals:3 | Reached skill level 2 in Armour
 38896 | Shoals:3 | Reached skill level 3 in Armour
 39120 | Shoals:4 | Entered Level 4 of the Shoals
 39394 | Shoals:4 | Noticed Ilsuiw
 39404 | Shoals:4 | Killed Ilsuiw
 39405 | Shoals:4 | Reached skill level 4 in Armour
 39610 | Shoals:4 | Received a gift from Trog
 39943 | Shoals:4 | Reached skill level 5 in Armour
 39954 | Shoals:4 | Reached XP level 19. HP: 180/223 MP: 7/23
 40110 | Shoals:4 | Got a shimmering troll leather armour
 40154 | Shoals:4 | HP: 10/223 [snapping turtle (4)]
 40191 | Shoals:4 | Got a dazzling broad axe {freeze}
 40207 | Shoals:4 | Identified the cursed +0 troll leather armour of Avularod {Regen+ Str+4 Int+3} (You took it off a merfolk on level 4 of the Shoals)
 40297 | Shoals:4 | Got a crude hunting sling
 40403 | Shoals:4 | Reached skill level 17 in Dodging
 40646 | Shoals:4 | Got a barnacled rune of Zot
 40977 | Elf:1    | Entered Level 1 of the Elven Halls
 40982 | Elf:1    | Received a gift from Trog
 41394 | Elf:1    | Received a gift from Trog
 41799 | Elf:1    | You fall through a shaft!
 42162 | Elf:2    | Reached skill level 18 in Dodging
 42711 | Elf:2    | Found a large runed door.
 42711 | Elf:2    | Found a large runed door.
 42745 | Elf:2    | Found a large runed door.
 42745 | Elf:2    | Found a large runed door.
 42878 | Elf:3    | Entered Level 3 of the Elven Halls
 42882 | Elf:3    | Received a gift from Trog
 42887 | Elf:3    | Got an ichor-stained giant spiked club {god gift}
 42888 | Elf:3    | Identified the +3 giant spiked club "Fesi" {god gift, crush, SInv} (Trog gifted it to you on level 3 of the Elven Halls)
 43032 | Elf:3    | Found Esimuiro's Gadget Shoppe.
 43048 | Elf:3    | Bought a sack of spiders for 260 gold pieces
 43048 | Elf:3    | Bought a phial of floods for 520 gold pieces
 43235 | Elf:3    | Reached skill level 19 in Dodging
 43254 | Elf:3    | Reached XP level 20. HP: 77/234 MP: 8/24
 43402 | Elf:3    | Received a gift from Trog
 43432 | Elf:3    | Got a polished quarterstaff
 43531 | Elf:3    | Got an ebony mace {drain}
 43593 | Elf:3    | Got a crude battleaxe
 43612 | Elf:3    | Got a heavily jewelled robe
 43614 | Elf:3    | Identified the cursed +0 robe "Licos" {rElec} (You found it on level 3 of the Elven Halls)
 43626 | Elf:3    | Got a crystal arbalest
 43654 | Elf:3    | Got a brightly glowing golden ring
 43655 | Elf:3    | Identified the ring of Vebeavve {rPois rF- rC+ SInv} (You found it on level 3 of the Elven Halls)
 44349 | Elf:1    | Received a gift from Trog
 44611 | Vaults:1 | Entered Level 1 of the Vaults
 45050 | Vaults:1 | Reached skill level 20 in Dodging
 45439 | Vaults:1 | Received a gift from Trog
 46303 | Vaults:2 | Received a gift from Trog
 46628 | Vaults:2 | Reached skill level 21 in Dodging
 47563 | Vaults:2 | Reached XP level 21. HP: 231/241 MP: 8/25
 47823 | Vaults:2 | Received a gift from Trog
 47840 | Vaults:2 | Got a faintly glowing giant spiked club {god gift}
 47867 | Vaults:2 | Identified the +9 giant spiked club of Dishonour {god gift, crush, *Corrode rN+ Str+4} (Trog gifted it to you on level 2 of the Vaults)
 48047 | Vaults:2 | Paralysed by a hornet for 3 turns
 48384 | Vaults:3 | Found Zegih's Distillery.
 48391 | Vaults:3 | Bought a potion of resistance for 160 gold pieces
 48391 | Vaults:3 | Bought a potion of agility for 64 gold pieces
 48391 | Vaults:3 | Bought a potion of heal wounds for 80 gold pieces
 48391 | Vaults:3 | Bought a potion of heal wounds for 80 gold pieces
 48391 | Vaults:3 | Bought a potion of curing for 48 gold pieces
 48391 | Vaults:3 | Bought a potion of curing for 48 gold pieces
 48391 | Vaults:3 | Bought a potion of haste for 160 gold pieces
 48471 | Vaults:3 | Identified a scroll of acquirement
 48605 | Vaults:3 | HP: 4/241 [ironheart preserver/exploding inner flame[the player character] (9)]
 48605 | Vaults:3 | Killed from afar by an ancient champion

Vault maps used:
D:1:      lightli_arrival_isolated_outpost, st_stairs_4
D:4:      grunt_temple_overflow_lords_of_destruction, temple_green,
          jiyva_altar_1, uniq_menkaure, uniq_duvessa
D:5:      first_bread
D:6:      serial_shops, shop, shop_statue, nicolae_shop_statue_plus,
          enter_ossuary_5
D:7:      grunt_temple_overflow_open, abandoned_shop, grunt_ministairs_9
D:8:      lemuel_crystal_altar
D:9:      hangedman_cross_stitches, erik_lair_orcish_takeover, orc_0_dummy,
          tgw_xom
D:10:     uniq_urug, uniq_grum
D:11:     grunt_livestock, stair_cage_line, elyvilon_altar_4
D:13:     serial_shops, kennysheep_mini, nicolae_qazlal_style_of_elements
D:14:     erik_vaults_2, hangedman_decor_lopped, serial_shops,
          nicolae_shop_statue_plus, nicolae_evil_shop
D:15:     grunt_enter_depths_snipers, serial_park_avenue1, basic_altar,
          minmay_misc_feat_rows
Lair:2:   lemuel_fruit_tree, serial_bayou_shore_a
Lair:3:   gammafunk_lair_enchanted_lake, minmay_holes, eino_house_with_fridge
Lair:4:   minmay_lair_oklob_tunnel, special_room
Lair:6:   shoals_dummy_entry, spider_nest_entry_rubble, columned_hall_lemuel,
          grunt_megastairs_3
Lair:7:   slime_altar_1, fungi_pond_lemuel
Lair:8:   wormcave, grunt_forest_large_clearings, lemuel_fruit_fields
Shoals:1: cheibrodos_shoals_roost
Shoals:2: nicolae_shoals_circle_sea_wall, lemuel_centaur_altar
Shoals:3: nicolae_shoals_flooded_hall
Shoals:4: shoals_end_simple, shoals_ilsuiw_alternative
Spider:1: nicolae_spider_mines_3
Spider:3: special_room
Orc:3:    nicolae_orc_pool_cavern, nicolae_orc_tapped_out
Orc:4:    st_orc_mages
Elf:1:    eino_elf_arrival_sip, orc_legates
Elf:2:    nicolae_elf_big_sculpture_1, hangedman_elf_disciples
Elf:3:    elf_hall, serial_shops, shop
Vaults:1: vaults_room_fours, hangedman_vaults_hat, nicolae_vaults_circle_grid_b,
          ontoclasm_vaults_chip, nicolae_vaults_yaktaur_gun_rack,
          vaults_room_grunt_arrival_ludios, ontoclasm_vaults_gallery,
          nicolae_vaults_border_crossing, vaults_room_semicircle,
          nicolae_vaults_little_squares_2
Vaults:2: hangedman_vaults_stream, grunt_vaults_hallway_long, v_misc_26,
          hangedman_vaults_restitches, vaults_dpeg_encased_lava, v_misc_22,
          nicolae_vaults_theta, ontoclasm_vaults_chip, grunt_vaults_focal,
          hangedman_vaults_snaps, nicolae_vaults_mini_display_case, v_misc_14,
          nicolae_vaults_theta
Vaults:3: minmay_crypt_entry_simple_sparse, v_misc_5, v_alt_pattern_2,
          vaults_standard_mumra_x, ontoclasm_vaults_tryst,
          nicolae_vaults_rhombus_7, v_misc_2, nicolae_vaults_little_squares_1,
          v_misc_31, v_misc_8, ontoclasm_vaults_loading_screen,
          vaults_room_fours, serial_shops, shop_statue
Ossuary:  ossuary_minmay_tomb_2a

Action                   |  1- 3 |  4- 6 |  7- 9 | 10-12 | 13-15 | 16-18 | 19-21 || total
-------------------------+-------+-------+-------+-------+-------+-------+-------++-------
Melee: Mace              |   134 |    52 |       |       |       |       |       ||   186
       Flail             |       |     9 |       |       |   172 |       |       ||   181
       Morningstar       |       |    86 |   234 |       |       |       |       ||   320
       Giant club        |       |     6 |    38 |   557 |  1167 |   674 |   801 ||  3243
       Whip              |       |       |       |    84 |       |       |       ||    84
       Great mace        |       |       |       |    11 |    20 |       |       ||    31
       Dire flail        |       |       |       |       |       |   144 |       ||   144
Invok: Berserk           |     5 |     6 |    11 |    24 |    26 |     9 |    12 ||    93
       Burn Spellbooks   |       |       |       |     3 |     2 |     4 |     7 ||    16
       Trog's Hand       |       |       |       |     1 |     5 |     9 |    15 ||    30
       Brothers in Arms  |       |       |       |       |       |     1 |     2 ||     3
 Abil: Evoke Invisibilit |       |       |       |       |       |     7 |     1 ||     8
Evoke: Wand              |       |       |     4 |    14 |    12 |    24 |     6 ||    60
       Lamp of fire      |       |       |       |       |     2 |     2 |       ||     4
       Deck              |       |       |       |       |     2 |       |     9 ||    11
       Fan of gales      |       |       |       |       |     1 |     1 |       ||     2
       Stone of tremors  |       |       |       |       |       |       |     1 ||     1
       Sack of spiders   |       |       |       |       |       |       |     1 ||     1
  Use: Scroll            |     1 |     8 |    15 |    13 |    12 |    15 |    11 ||    75
       Potion            |       |       |     1 |     5 |     6 |    14 |     9 ||    35
 Stab: Invisible         |       |     2 |       |     4 |     5 |    24 |     4 ||    39
       Sleeping          |       |       |     1 |       |     1 |       |       ||     2
       Distracted        |       |       |       |       |     2 |     1 |       ||     3
       Paralysed         |       |       |       |       |       |     2 |       ||     2
  Eat: Chunk             |     7 |     6 |     9 |    35 |    44 |    28 |    22 ||   151
       Bread ration      |       |     1 |     1 |       |       |       |       ||     2
       Royal jelly       |       |     1 |       |       |    12 |       |       ||    13
       Meat ration       |       |       |     2 |     2 |     2 |     3 |     7 ||    16
       Beef jerky        |       |       |     1 |     1 |     1 |     3 |       ||     6
       Fruit             |       |       |       |     7 |    10 |     1 |     3 ||    21
       Pizza             |       |       |       |     2 |       |     8 |       ||    10
